 Dungeon Crawl Stone Soup version 0.28.0-47-ge53b351184 (webtiles) character file.

Game seed: 950868772325076658

27 Icepheonix32 the Chiller (level 2, -1/19 HPs)
             Began as a Demonspawn Ice Elementalist on May 4, 2022.
             Slain by a gnoll
             ... wielding a +0 whip
              (8 damage)
             ... on level 2 of the Dungeon.
             The game lasted 00:02:03 (1685 turns).

Icepheonix32 the Chiller (DsIE)                     Turns: 1685, Time: 00:02:04

Health: -1/19      AC:  2    Str:  8    XL:     2   Next: 93%
Magic:  4/5        EV: 12    Int: 16    God:
Gold:   26         SH:  0    Dex: 13    Spells: 5/6 levels left

rFire   . . .      SeeInvis .   f - +11 hand axe of Integrity {vorpal, rN+}
rCold   . . .      Faith    .   (no shield)
rNeg    + . .      Spirit   .   a - +0 robe
rPois   .          Reflect  .   (no helmet)
rElec   .          Harm     .   (no cloak)
rCorr   .          Rampage  .   (no gloves)
Will    .....                   (no boots)
Stlth   ++........              (no amulet)
HPRegen 0.06/turn               (no ring)
MPRegen 0.09/turn               (no ring)

@: no status effects
A: weakness stinger 1
a: no special abilities


You were on level 2 of the Dungeon.
You visited 1 branch of the dungeon, and saw 2 of its levels.

You collected 26 gold pieces.

Inventory:

Hand Weapons
 d - a +0 dagger
 f - the +11 hand axe of Integrity (weapon) {vorpal, rN+}
   (You found it on level 2 of the Dungeon)

   It inflicts extra damage upon your enemies.
   rN:        It protects you from negative energy.
Armour
 a - a +0 robe (worn)
Scrolls
 b - a scroll of magic mapping {unknown}
 e - a scroll of noise {unknown}
Potions
 c - 2 potions of curing {unknown}


   Skills:
 - Level 1.7 Dodging
 - Level 1.7 Stealth
 * Level 2.5 Spellcasting
 + Level 4.1 Ice Magic


You had 5 spell levels left.
You knew the following spells:

 Your Spells              Type           Power      Damage    Failure   Level
a - Freeze                Ice            60%        1d8       3%          1

Your spell library contained the following spells:

 Spells                   Type           Power      Damage    Failure   Level
 Frozen Ramparts          Ice            30%        1d5       11%         3
 Ozocubu's Armour         Ice            15%        N/A       11%         3
 Hailstorm                Conj/Ice       8%         3d4       63%         4


Dungeon Overview and Level Annotations

Branches:
Dungeon (2/15)

Altars:


Innate Abilities, Weirdness & Mutations

You have a small tail.


Message History

Done exploring.
Okay, then.
There is a stone staircase leading down here.
You climb downwards.
There is a stone staircase leading up here.
A bat comes into view.
A bat is nearby!
A rat comes into view.
The bat misses you. The bat barely misses you.
You hit the bat.
You tail-slap the bat, but do no damage.
The bat is severely wounded.
The bat hits you but does no damage. The bat misses you.
The bat closely misses you.
You slash the bat!
You kill the bat!
You closely miss the rat. The rat barely misses you.
You slash the rat!
You kill the rat!
No target in view!
Okay, then.
You see here a rat corpse.
A gnoll comes into view. It is wielding a +0 flail.
The gnoll moves out of view.
A gnoll is nearby!
A ball python comes into view.
Found a stone staircase leading down.
A gnoll comes into view. It is wielding a +0 whip.
The gnoll shouts!
You hear an angry hiss.
The gnoll hits you with a +0 whip!
You freeze the gnoll.
The gnoll is moderately wounded.
The gnoll closely misses you.
You closely miss the gnoll.
The gnoll is moderately wounded.
The gnoll hits you with a +0 whip.
You hit the gnoll.
The gnoll is severely wounded.
The gnoll hits you but does no damage. The gnoll hits you with a +0 whip!
You die...

#. #.######### #.#.......#
#.#.......# #.#.......#
#.##....# ## #.##....# #
<###..†....##########.#.#.#
..............Sg@.......>.#
.###.#####.###.######.....#
.# #.# #.# #.# ###.# .. ..#
#.# #.# ...### #.# #.# ...
#.# #.# .## #....g# ##
#...... #.g#..##


You could see a gnoll and a ball python.

Vanquished Creatures
  A dart slug (D:1)
  2 ball pythons (D:1)
  6 bats
  2 endoplasms
  A giant cockroach (D:1)
  4 kobolds
  3 frilled lizards
  3 goblins
  3 rats
25 creatures vanquished.

Notes
Turn   | Place    | Note
-------+----------+-------------------------------------------
     0 | D:1      | Icepheonix32 the Demonspawn Ice Elementalist began the
                  | quest for the Orb.
     0 | D:1      | Reached XP level 1. HP: 13/13 MP: 3/3
   612 | D:1      | Gained mutation: You have a small tail. [demonic ancestry]
   612 | D:1      | Reached XP level 2. HP: 18/19 MP: 1/5
   613 | D:1      | Reached skill level 4 in Ice Magic
  1369 | D:2      | Identified the +11 hand axe of Integrity {vorpal, rN+}
  1685 | D:2      | Slain by a gnoll

Illustrated notes

Levels and vault maps discovered:
D:1:      amcnicky_arrival_flooded_fountain, layout_basic
D:2:      layout_basic, shapermc_ecumenical_altar_hornbeckon

Skill      XL: |  1  2 |
---------------+-------+-----
Ice Magic      | 4 |  4.1
Dodging        | |  1.7
Stealth        | |  1.7
Spellcasting   | |  2.5

Action                   || total
-------------------------++-------
Melee: Unarmed           ||     9
       Dagger            ||    21
       Hand axe          ||    10
       Tailslap          ||     3
 Cast: Freeze            ||    29
 Stab: Sleeping          ||     1
Armor: Robe              ||    16
Dodge: Dodged            ||    68
